 Dungeon Crawl Stone Soup version 0.30-a0-358-g0d69a1922f (webtiles) character file.

Game seed: 14965403709681428064

207 LutherGrant the Cutter (level 5, -4/28 HPs)
             Began as a Vine Stalker Fighter on Nov 8, 2022.
             Was a Priest of Uskayaw.
             Slain by an iguana (7 damage)
             ... on level 4 of the Dungeon.
             The game lasted 00:04:18 (2060 turns).

LutherGrant the Cutter (Vine Stalker Fighter)       Turns: 2060, Time: 00:04:18

Health: -4/28      AC:  6    Str: 19    XL:     5   Next: 85%
Magic:  0/6        EV:  7    Int:  8    God:    Uskayaw [***...]
Gold:   198        SH:  0    Dex: 15    Spells: 4/4 levels left

rFire   . . .      SeeInvis .    a - +0 rapier
rCold   . . .      Faith    .    (no shield)
rNeg    . . .      Spirit   +    b - +0 scale mail
rPois   .          Reflect  .    (no helmet)
rElec   .          Harm     .    (no cloak)
rCorr   .          Rampage  .    (no gloves)
Will    .....                    (no boots)
Stlth   ..........               (no amulet)
HPRegen 1.04/turn                (no ring)
MPRegen 0.10/turn                (no ring)

@: constricted
A: fangs 2, regeneration 1, magic shield, antimagic bite, no potion heal 2
a: Renounce Religion, Stomp, Line Pass


You were on level 4 of the Dungeon.
You worshipped Uskayaw.
Uskayaw was noncommittal.
You visited 1 branch of the dungeon, and saw 4 of its levels.

You collected 198 gold pieces.

Inventory:

Hand Weapons
 a - a +0 rapier (weapon)
Armour
 b - a +0 scale mail (worn)
 c - a +0 buckler
Scrolls
 d - a scroll of blinking {unknown}
 g - 2 scrolls of immolation {unknown}
 i - a scroll of amnesia {unknown}
 k - 3 scrolls of identify
 l - a scroll of noise {unknown}
 m - a scroll of fog {unknown}
 n - 2 scrolls of teleportation {unknown}
 r - a scroll of fear {unknown}
 s - a scroll of magic mapping {unknown}
Potions
 e - 2 potions of degeneration {unknown}
 f - 2 potions of flight
 h - 2 potions of attraction
 j - a potion of curing {unknown}
 o - a potion of brilliance {unknown}
 p - a potion of heal wounds {unknown}
 q - a potion of resistance {unknown}


   Skills:
 + Level 3.3 Fighting
 * Level 3.4 Short Blades
 + Level 3.0 Armour
 * Level 2.4 Dodging
 - Level 2.6 Shields


You had 4 spell levels left.
You didn't know any spells.
Your spell library contained the following spells:

 Spells                   Type           Power      Damage    Failure   Level
 Scorch                   Fire           0%         2d5       89%         2
 Call Canine Familiar     Summ           0%         N/A       98%         3
 Gell's Gravitas          Tloc           0%         N/A       98%         3
 Lesser Beckoning         Tloc           0%         N/A       98%         3
 Portal Projectile        Hex/Tloc       0%         N/A       98%         3
 Teleport Other           Tloc           0%         N/A       98%         3
 Flame Wave               Conj/Fire      0%         2d4       100%        4
 Leda's Liquefaction      Hex/Erth       0%         N/A       100%        4
 Summon Cactus Giant      Summ           0%         N/A       100%        6


Dungeon Overview and Level Annotations

Branches:
Dungeon (4/15)
 Temple: D:4-7

Altars:
Ashenzari
Qazlal
Uskayaw

Shops:
D:2 [


Innate Abilities, Weirdness & Mutations

You have extremely sharp teeth.
Your natural rate of healing is unusually fast.
When hurt, damage is shared between your health and your magic reserves.
Your bite disrupts and absorbs the magic of your enemies.
Potions cannot restore your health.


Message History

The iguana bites you but does no damage.
The jelly barely misses you. The gnoll hits you with a +0 whip.
* * * LOW HITPOINT WARNING * * *
The gnoll misses you.
The gnoll hits you from afar with a +0 spear.
* * * LOW HITPOINT WARNING * * *
The gnoll closely misses you.
The ball python bites you but does no damage.
The ball python closely misses you.
You hit the jelly but do no damage.
Your hands burn!
* * * LOW HITPOINT WARNING * * *
You bite the jelly.
You kill the jelly!
The iguana closely misses you. The gnoll hits you with a +0 whip.
* * * LOW HITPOINT WARNING * * *
The gnoll misses you. The gnoll closely misses you.
The gnoll hits you but does no damage. The ball python closely misses you.
The ball python barely misses you.
Uskayaw will force your foes to helplessly watch your dance.
Uskayaw prepares the audience for your solo!
Your Armour skill increases to level 3!
The helpless gnoll fails to defend itself.
You puncture the gnoll!
You kill the gnoll!
The kobold is no longer paralysed.
The ball python is no longer paralysed.
The gnoll is no longer paralysed. x3; The iguana is no longer paralysed.
The adder is no longer paralysed.
The ball python barely misses you. The ball python closely misses you.
The iguana bites you but does no damage.
The gnoll hits you with a +0 whip.
* * * LOW HITPOINT WARNING * * *
The gnoll hits you but does no damage.
The gnoll hits you from afar with a +0 spear.
Unknown command.
You hit the gnoll. You bite the gnoll.
You kill the gnoll!
The ball python bites you but does no damage.
The ball python grabs you. The ball python constricts you.
The iguana bites you!
You die...

#.... .. .. ..#...#
..# ..##.#...##..#
#. ............#.
#.. #.. .........
...# #..##........
...####.#..l.......
..#........#@)....>.
............SKg.....
. ##......##g.......
..#>.##.......S.....
........#...##......
.....##.###....##...
................ ...
. ..#####.........#
.. .. ##...##......#


You could see an iguana, 2 gnolls, an adder, a ball python and a kobold.

Vanquished Creatures
  A jelly (D:4)
  An orc priest (D:4)
  Robin (D:3)
  2 gnolls (D:4)
  5 adders
  2 worms
  3 dart slugs
  3 orcs
  8 endoplasms
  2 giant cockroaches (D:3)
  11 goblins
  6 hobgoblins
  7 kobolds
  A quokka (D:1)
  7 ball pythons
  6 bats
  2 frilled lizards (D:1)
  5 rats
73 creatures vanquished.

Notes
Turn   | Place    | Note
-------+----------+-------------------------------------------
     0 | D:1      | LutherGrant the Vine Stalker Fighter began the quest for
                  | the Orb.
     0 | D:1      | Reached XP level 1. HP: 11/11 MP: 2/2
   220 | D:1      | Reached XP level 2. HP: 16/16 MP: 3/3
   251 | D:1      | Found a faded altar of an unknown god.
   747 | D:2      | Reached skill level 1 in Dodging
   748 | D:2      | Reached XP level 3. HP: 19/19 MP: 4/4
   933 | D:2      | Found Udghuxyor's Antique Armour Shop.
   938 | D:2      | Gained mutation: Your natural rate of healing is unusually
                  | fast. [Vine Stalker growth]
   938 | D:2      | Reached XP level 4. HP: 23/24 MP: 5/5
  1022 | D:2      | Found a hide-covered altar of Uskayaw.
  1537 | D:3      | Noticed Robin
  1554 | D:3      | Killed Robin
  1555 | D:3      | Reached XP level 5. HP: 14/28 MP: 1/6
  1713 | D:3      | Found a faded altar of an unknown god.
  1717 | D:3      | Found a broken altar of Ashenzari.
  1728 | D:3      | Prayed at the altar of an unknown god.
  1728 | D:3      | Became a worshipper of Uskayaw the Reveller
  1728 | D:3      | Reached * piety under Uskayaw
  1916 | D:4      | Reached ** piety under Uskayaw
  1958 | D:4      | Found a stormy altar of Qazlal.
  2058 | D:4      | Reached *** piety under Uskayaw
  2060 | D:4      | Slain by an iguana

Illustrated notes

Levels and vault maps discovered:
D:1:      giann_forest_graveyard, layout_basic, ebering_ecumenical_altar_webs
D:2:      layout_loops_cross, basic_altar, serial_shops,
          nicolae_shop_overgrown_old_shop
D:3:      layout_rooms, nicolae_overflow_ecumenical_swirl, st_stairs_4,
          minmay_misc_feat_more_columns, minmay_misc_feat_square, uniq_robin
D:4:      layout_rooms, nicolae_qazlal_general_emergency,
          nicolae_ru_the_path_less_chosen, minmay_misc_feat_doors,
          grunt_ministairs_8, minmay_manual_moon

Skill      XL: |  1  2  3  4  5 |
---------------+----------------+-----
Short Blades   | 2 3 |  3.4
Dodging        | 1 2 |  2.4
Fighting       | 3 |  3.3
Armour         | 3 |  3.0
Shields        | |  2.6

Action                   |  1- 3 |  4- 6 || total
-------------------------+-------+-------++-------
Melee: Rapier            |    77 |   115 ||   192
       Bite              |    17 |    38 ||    55
Invok: Stomp             |       |     2 ||     2
  Use: Scroll            |       |     2 ||     2
       Potion            |       |     1 ||     1
 Stab: Paralysed         |       |     1 ||     1
Armor: Scale mail        |    43 |    65 ||   108
Dodge: Dodged            |    29 |    93 ||   122

Table legend: (Time is in decaauts)
 A = Elapsed time spent in this place.
 B = Non-inter-level travel time spent in this place.
 C = Inter-level travel time spent in this place.
 D = Time resting spent in this place.
 E = Time spent auto-exploring this place.
 F = Levels seen in this place.
 G = Mean time per level.
                   A        B        C        D        E       F      G
               +--------+--------+--------+--------+--------+-----+--------+
         Total |   2072 |   1996 |     76 |      0 |   1573 |   4 |  518.0 |
       Dungeon |   2072 |   1996 |     76 |      0 |   1573 |   4 |  518.0 |
               +--------+--------+--------+--------+--------+-----+--------+

Top non-repeatable levels by time:
     D:1: 706 daAuts
     D:2: 666 daAuts
     D:3: 545 daAuts
     D:4: 153 daAuts
